 Dungeon Crawl Stone Soup version 0.20.0-3-g22ec75f (webtiles) character file.

156 Glitchraptor the Chopper (level 5, -5/41 HPs)
             Began as a Centaur Gladiator on May 27, 2017.
             Was a Follower of Makhleb.
             Killed by nerve-wracking pain
             ... invoked by Grinder
              (11 damage)
             ... on level 3 of the Dungeon.
             The game lasted 00:14:29 (2417 turns).

Glitchraptor the Chopper (Centaur Gladiator)        Turns: 2417, Time: 00:14:29

Health: -5/41      AC:  9    Str: 19 (20) XL:     5   Next: 15%
Magic:  5/5        EV:  7    Int:  5 (7)  God:    Makhleb [*.....]
Gold:   183        SH:  7    Dex: 11 (12) Spells: 4/4 levels left

rFire    . . .     SeeInvis .   a - +0 war axe
rCold    . . .     Gourm    .   m - +0 shield
rNeg     . . .     Faith    .   b - +1 leather armour
rPois    .         Spirit   .   c - +0 helmet
rElec    .         Reflect  .   i - +1 cloak {+Inv}
rCorr    .         Harm     .   e - +0 pair of gloves
MR       .....                  (no barding)
Stlth    +.........             (no amulet)
Regen    0.2/turn               g - +4 ring of strength
MPRegen  0.1/turn               (no ring)

@: very quick
A: hooves 3, deformed body, speed 2, tough skin 3
a: Renounce Religion, Evoke Invisibility


You were on level 3 of the Dungeon.
You worshipped Makhleb.
Makhleb was aware of your devotion.
You were not hungry.

You visited 1 branch of the dungeon, and saw 3 of its levels.

You collected 183 gold pieces.

Inventory:

Hand Weapons
 a - a +0 war axe (weapon)
Armour
 b - a +1 leather armour (worn)
 c - a +0 helmet (worn)
 e - a +0 pair of gloves (worn)
 i - a +1 cloak of invisibility (worn)
 m - a +0 shield (worn)
Jewellery
 g - a +4 ring of strength (left hand)
Scrolls
 j - 2 scrolls of remove curse
 k - a scroll of recharging
Potions
 l - a potion of degeneration
 o - a potion of brilliance
Comestibles
 f - 2 bread rations
 h - 8 chunks of flesh


   Skills:
 + Level 2.2 Fighting
 + Level 3.9 Axes
 + Level 2.7 Throwing
 + Level 1.0 Armour
 + Level 3.0 Dodging
 + Level 0.1 Stealth
 + Level 0.2 Shields


You had 4 spell levels left.
You didn't know any spells.

Dungeon Overview and Level Annotations

Branches:
Dungeon (3/15)

Altars:
Makhleb

Annotations:
D:3 Grinder


Innate Abilities, Weirdness & Mutations

You have hooves in place of feet.
Armour fits poorly on your strangely shaped body.
You cover ground very quickly.
You have extremely tough skin. (AC +3)


Message History

Grinder hits you but does no damage.
You barely miss Grinder. You kick Grinder.
Grinder is moderately wounded.
Grinder hits you.
You writhe in agony.
Grinder blinks!
Grinder gestures at you. Pain shoots through your body!
* * * LOW HITPOINT WARNING * * *
Drop what? 13/52 slots (_ for help) (? for menu, Esc to quit)
Okay, then.
Firing (i - inventory): No suitable missiles.
Press: ? - help, Shift-Dir - straight line, f/p - Grinder
Aim: Grinder (moderately wounded)
Okay, then.
Firing (i - inventory): No suitable missiles.
Press: ? - help, Shift-Dir - straight line, f/p - Grinder
Aim: Grinder (moderately wounded)
Okay, then.
Grinder gestures at you. Pain shoots through your body!
You die...

######## .......#
.##.##.#### #### ####
.#.#......# #.. ..#
....##.##.# #.# #.#
..####.##.###.#####(#
..####.##..........(#
.......######..#@##(#
#.###########..#.##.#
....#.......#.....(.#
#.#.#.......#..#.##.#
#.#.#.......#..#.##.#
#.#.#.......#..5....#
....#.......#.####..#
#.###.......#.# #..#
#.# #.......#.. ...#


You could see Grinder.

Vanquished Creatures
  Crazy Yiuf (D:2)
  Terence (D:2)
  2 adders (D:3)
  An ooze (D:3)
  2 worms (D:2)
  3 dart slugs
  2 leopard geckos
  A ball python (D:1)
  2 giant cockroaches
  7 goblins
  9 hobgoblins
  8 jackals
  9 bats
  3 frilled lizards (D:3)
  6 kobolds
  7 rats
  3 fungi (D:2)
67 creatures vanquished.

Notes
Turn   | Place    | Note
-------+----------+-------------------------------------------
     0 | D:1      | Glitchraptor the Centaur Gladiator began the quest for the Orb.
     0 | D:1      | Reached XP level 1. HP: 17/17 MP: 1/1
   190 | D:1      | Reached XP level 2. HP: 23/24 MP: 2/2
   773 | D:2      | Reached XP level 3. HP: 26/29 MP: 3/3
   793 | D:2      | Found a burning altar of Makhleb.
   807 | D:2      | Became a worshipper of Makhleb the Destroyer
   837 | D:2      | Noticed Terence
   851 | D:2      | Killed Terence
  1304 | D:2      | Reached XP level 4. HP: 36/36 MP: 4/4
  1346 | D:2      | Found a runed door.
  1350 | D:2      | Noticed Crazy Yiuf
  1359 | D:2      | Killed Crazy Yiuf
  2113 | D:3      | Reached * piety under Makhleb
  2127 | D:3      | Reached XP level 5. HP: 38/41 MP: 5/5
  2209 | D:3      | Reached skill level 1 in Armour
  2389 | D:3      | Noticed Grinder
  2394 | D:3      | Paralysed by Grinder for 3 turns
  2417 | D:3      | Killed from afar by Grinder

Skill      XL: |  1  2  3  4  5 |
---------------+----------------+-----
Axes           | 3 |  3.9
Armour         | 1 |  1.0
Dodging        | 3 |  3.0
Fighting       | |  2.2
Throwing       | |  2.7
Stealth        | |  0.1
Shields        | |  0.2

Action                   |  1- 3 |  4- 6 || total
-------------------------+-------+-------++-------
Melee: War axe           |    79 |   103 ||   182
       Kick              |    18 |    35 ||    53
Throw: Throwing net      |     1 |     4 ||     5
  Use: Scroll            |     7 |     1 ||     8
       Potion            |     1 |     3 ||     4
  Eat: Bread ration      |     1 |       ||     1
Armor: Leather armour    |    36 |    54 ||    90
Dodge: Dodged            |    67 |    36 ||   103
Block: Shield            |       |    25 ||    25
